General information
- name: BNet
- type: Ladder team game (AT/RT)
- host: Battle.net
- saver: THE-STRANGE-GIR
map: GoldRush
- players: 8
- length: 20:10
- speed: Fast
- version: 1.26 W3XP
- replay type: Public
» download(127 KB)
Players
team 1 (winner)
L[2]P (
green | 48 APM | 976 actions | 20:09)
2 Priestess of the Moon
1 Trueshot Aura
1 Scout
» actions
| Assign group hotkey | 49 | |
| Basic commands | 62 | |
| Build / train | 42 | |
| ESC pressed | 7 | |
| Enter build submenu | 32 | |
| Enter hero's abilities submenu | 3 | |
| Right click | 375 | |
| Select / deselect | 234 | |
| Select group hotkey | 119 | |
| Use ability | 53 | |
976 total
» units
| Wisp | 13 | |
| Archer | 8 | |
| Glaive Thrower | 11 | |
32 total
» buildings
| Altar of Elders | 1 | |
| Moon Well | 4 | |
| Ancient of War | 21 | |
| Hunter's Hall | 1 | |
| Tree of Ages | 2 | |
| Tree of Life | 2 | |
| Ancient of Wind | 1 | |
32 total
» build order
00:05 Altar of Elders
00:21 Moon Well
00:49 Ancient of War
01:41 Moon Well
01:44 Moon Well
02:07 Hunter's Hall
03:46 Tree of Ages
04:47 Tree of Life
06:17 Ancient of Wind
09:12 Ancient of War
09:34 Ancient of War
09:37 Ancient of War
09:42 Ancient of War
09:43 Ancient of War
09:49 Ancient of War
09:53 Ancient of War
10:05 Ancient of War
10:07 Ancient of War
10:23 Ancient of War
10:31 Moon Well
10:43 Ancient of War
10:51 Ancient of War
10:55 Ancient of War
11:03 Ancient of War
11:06 Ancient of War
11:08 Ancient of War
11:10 Ancient of War
11:12 Ancient of War
11:14 Ancient of War
14:54 Tree of Life
14:56 Ancient of War
» items
THE-STRANGE-GIR (
pink | 50 APM | 1008 actions | 20:10)
2 Death Knight
1 Death Coil
1 Unholy Aura
1 Lich
1 Frost Nova
» actions
| Assign group hotkey | 28 | |
| Basic commands | 64 | |
| Build / train | 35 | |
| Enter build submenu | 8 | |
| Enter hero's abilities submenu | 3 | |
| Right click | 331 | |
| Select / deselect | 135 | |
| Select group hotkey | 349 | |
| Use ability | 55 | |
1008 total
» units
| Acolyte | 7 | |
| Ghoul | 3 | |
| Crypt Fiend | 4 | |
14 total
» upgrades
» buildings
| Graveyard | 1 | |
| Crypt | 1 | |
| Altar of Darkness | 1 | |
| Ziggurat | 3 | |
| Tomb of Relics | 1 | |
| Nerubian Tower | 1 | |
| Halls of the Dead | 2 | |
| Spirit Tower | 2 | |
| Necropolis | 1 | |
13 total
» build order
00:07 Graveyard
00:09 Crypt
00:42 Altar of Darkness
01:00 Ziggurat
01:27 Tomb of Relics
01:58 Nerubian Tower
02:14 Ziggurat
03:39 Halls of the Dead
04:07 Spirit Tower
04:19 Ziggurat
05:21 Spirit Tower
05:28 Necropolis
» items
| Rod of Necromancy | 2 | |
| Staff of Teleportation | 2 | |
| Boots of Speed | 1 | |
| Potion of Lesser Invulnerability | 1 | |
| Scroll of Town Portal | 1 | |
7 total
Bashiok (
yellow | 55 APM | 1114 actions | 20:09)
1 Death Knight
1 Death Coil
» actions
| Assign group hotkey | 22 | |
| Basic commands | 44 | |
| Build / train | 23 | |
| Enter build submenu | 37 | |
| Enter hero's abilities submenu | 1 | |
| Right click | 683 | |
| Select / deselect | 120 | |
| Select group hotkey | 125 | |
| Use ability | 59 | |
1114 total
» units
» buildings
| Altar of Darkness | 1 | |
| Ziggurat | 26 | |
| Graveyard | 2 | |
| Crypt | 2 | |
| Nerubian Tower | 3 | |
| Spirit Tower | 7 | |
| Tomb of Relics | 1 | |
| Necropolis | 1 | |
43 total
» build order
00:19 Altar of Darkness
00:23 Ziggurat
00:45 Graveyard
00:49 Crypt
00:53 Crypt
01:01 Ziggurat
01:44 Ziggurat
01:56 Nerubian Tower
01:59 Graveyard
02:43 Ziggurat
03:37 Spirit Tower
03:39 Ziggurat
04:20 Ziggurat
04:25 Ziggurat
04:30 Ziggurat
04:36 Tomb of Relics
04:56 Ziggurat
05:25 Ziggurat
05:30 Ziggurat
05:42 Ziggurat
06:03 Ziggurat
06:24 Ziggurat
06:27 Ziggurat
07:00 Ziggurat
07:39 Ziggurat
07:48 Ziggurat
08:25 Ziggurat
08:31 Ziggurat
08:38 Ziggurat
09:15 Ziggurat
09:25 Spirit Tower
09:27 Spirit Tower
10:07 Spirit Tower
10:37 Spirit Tower
10:55 Nerubian Tower
12:37 Spirit Tower
14:11 Ziggurat
14:14 Ziggurat
14:15 Ziggurat
14:28 Ziggurat
14:38 Spirit Tower
15:20 Nerubian Tower
18:20 Necropolis
» items
| Potion of Healing | 2 | |
| Staff of Teleportation | 1 | |
3 total
jnov (
teal | 21 APM | 236 actions | 11:10)
3 Beastmaster
1 Summon Bear
2 Summon Hawk
» actions
| Basic commands | 23 | |
| Build / train | 20 | |
| ESC pressed | 1 | |
| Enter build submenu | 17 | |
| Enter hero's abilities submenu | 3 | |
| Right click | 41 | |
| Select / deselect | 112 | |
| Use ability | 19 | |
236 total
» units
| Peon | 8 | |
| Grunt | 1 | |
| Troll Headhunter/Berserker | 5 | |
14 total
» buildings
| Altar of Storms | 1 | |
| Orc Burrow | 5 | |
| Barracks | 1 | |
| War Mill | 1 | |
| Stronghold | 1 | |
| Great Hall | 2 | |
| Fortress | 1 | |
| Tauren Totem | 2 | |
14 total
» build order
00:06 Altar of Storms
00:11 Orc Burrow
00:14 Barracks
02:01 Orc Burrow
03:11 War Mill
03:15 Stronghold
05:00 Great Hall
05:36 Fortress
06:10 Great Hall
06:28 Orc Burrow
06:29 Orc Burrow
07:37 Orc Burrow
09:06 Tauren Totem
09:10 Tauren Totem
team 2 (loser)
iHatepussies (
purple | 55 APM | 1105 actions | 20:09)
4 Dreadlord
2 Carrion Swarm
2 Vampiric Aura
2 Death Knight
1 Death Coil
1 Unholy Aura
1 Crypt Lord
1 Impale
» actions
| Assign group hotkey | 39 | |
| Basic commands | 75 | |
| Build / train | 59 | |
| Enter build submenu | 20 | |
| Enter hero's abilities submenu | 7 | |
| Give item / drop item | 1 | |
| Right click | 367 | |
| Select / deselect | 201 | |
| Select group hotkey | 281 | |
| Use ability | 55 | |
1105 total
» units
| Acolyte | 13 | |
| Ghoul | 12 | |
| Crypt Fiend | 4 | |
| Obsidian Statue | 2 | |
| Abomination | 4 | |
35 total
» upgrades
| Unholy Strength | 3 | |
| Web | 1 | |
| Destroyer Form | 1 | |
| Disease Cloud | 1 | |
| Creature Attack | 1 | |
7 total
» buildings
| Crypt | 1 | |
| Ziggurat | 9 | |
| Altar of Darkness | 1 | |
| Graveyard | 1 | |
| Tomb of Relics | 1 | |
| Halls of the Dead | 1 | |
| Slaughterhouse | 2 | |
| Black Citadel | 1 | |
| Spirit Tower | 2 | |
19 total
» build order
00:07 Crypt
00:11 Ziggurat
00:35 Altar of Darkness
00:58 Graveyard
01:25 Ziggurat
02:03 Tomb of Relics
02:33 Ziggurat
04:44 Halls of the Dead
05:13 Ziggurat
05:15 Ziggurat
06:30 Ziggurat
06:30 Ziggurat
07:29 Slaughterhouse
07:30 Slaughterhouse
08:26 Black Citadel
10:00 Ziggurat
10:02 Ziggurat
14:47 Spirit Tower
17:02 Spirit Tower
» items
| Rod of Necromancy | 2 | |
| Scroll of Town Portal | 1 | |
3 total

»
grek (
blue | 79 APM | 1587 actions | 20:09)
4 Death Knight
2 Death Coil
2 Unholy Aura
3 Lich
2 Frost Nova
1 Dark Ritual
3 Crypt Lord
2 Impale
1 Spiked Carapace
» actions
| Assign group hotkey | 46 | |
| Basic commands | 14 | |
| Build / train | 53 | |
| Enter build submenu | 23 | |
| Enter hero's abilities submenu | 10 | |
| Give item / drop item | 3 | |
| Right click | 623 | |
| Select / deselect | 259 | |
| Select group hotkey | 479 | |
| Use ability | 77 | |
1587 total
» units
| Acolyte | 10 | |
| Ghoul | 4 | |
| Crypt Fiend | 4 | |
| Frost Wyrm | 7 | |
25 total
» upgrades
| Web | 1 | |
| Freezing Breath | 1 | |
| Creature Carapace | 2 | |
| Creature Attack | 1 | |
5 total
» buildings
| Crypt | 1 | |
| Ziggurat | 7 | |
| Altar of Darkness | 1 | |
| Nerubian Tower | 1 | |
| Tomb of Relics | 2 | |
| Halls of the Dead | 2 | |
| Graveyard | 1 | |
| Black Citadel | 1 | |
| Sacrificial Pit | 1 | |
| Boneyard | 2 | |
| Necropolis | 2 | |
21 total
» build order
00:08 Crypt
00:14 Ziggurat
00:35 Altar of Darkness
01:08 Nerubian Tower
01:23 Tomb of Relics
01:56 Ziggurat
03:06 Halls of the Dead
03:07 Halls of the Dead
03:33 Graveyard
05:37 Black Citadel
05:44 Ziggurat
06:46 Sacrificial Pit
08:36 Ziggurat
09:13 Boneyard
10:31 Ziggurat
10:53 Necropolis
13:30 Boneyard
14:11 Tomb of Relics
15:21 Necropolis
17:02 Ziggurat
18:00 Ziggurat
» items
| Rod of Necromancy | 3 | |
| Dust of Appearance | 1 | |
| Potion of Lesser Invulnerability | 1 | |
| Orb of Corruption | 1 | |
6 total
hempmeh (
red | 31 APM | 621 actions | 20:09)
3 Demon Hunter
1 Immolation
2 Evasion
» actions
| Assign group hotkey | 14 | |
| Basic commands | 19 | |
| Build / train | 49 | |
| Enter build submenu | 14 | |
| Enter hero's abilities submenu | 3 | |
| Give item / drop item | 2 | |
| Remove unit from queue | 1 | |
| Right click | 330 | |
| Select / deselect | 159 | |
| Select group hotkey | 11 | |
| Use ability | 19 | |
621 total
» units
| Wisp | 23 | |
| Archer | 6 | |
| Huntress | 1 | |
| Dryad | 1 | |
31 total
» upgrades
| Sentinel | 1 | |
| Abolish Magic | 1 | |
| Strength of the Moon | 1 | |
| Moon Armor | 1 | |
| Reinforced Hides | 1 | |
| Strength of the Wild | 1 | |
| Ultravision | 1 | |
7 total
» buildings
| Moon Well | 4 | |
| Ancient of War | 2 | |
| Altar of Elders | 1 | |
| Tree of Life | 1 | |
| Tree of Ages | 1 | |
| Hunter's Hall | 1 | |
| Ancient of Lore | 2 | |
| Tree of Eternity | 1 | |
13 total
» build order
00:12 Moon Well
00:22 Ancient of War
00:53 Altar of Elders
01:48 Moon Well
02:14 Ancient of War
02:44 Moon Well
03:33 Tree of Life
03:55 Tree of Ages
05:17 Hunter's Hall
05:29 Moon Well
06:30 Ancient of Lore
06:33 Ancient of Lore
08:52 Tree of Eternity
» items
| Periapt of Vitality | 1 | |
| Circlet of Nobility | 1 | |
| Boots of Speed | 1 | |
3 total

»
toottootpeanuts (
orange | 52 APM | 1053 actions | 20:09)
4 Archmage
2 Summon Water Elemental
2 Brilliance Aura
» actions
| Assign group hotkey | 27 | |
| Build / train | 55 | |
| Enter build submenu | 17 | |
| Enter hero's abilities submenu | 4 | |
| Remove unit from queue | 6 | |
| Right click | 419 | |
| Select / deselect | 127 | |
| Select group hotkey | 351 | |
| Use ability | 47 | |
1053 total
» units
| Peasant | 10 | |
| Footman | 5 | |
| Forest Troll Shadow Priest | 1 | |
| Sorceress | 1 | |
| Priest | 3 | |
| Knight | 5 | |
| Siege Engine | 7 | |
32 total
» upgrades
| Lumber Harvesting | 1 | |
| Sorceress Training | 3 | |
| Priest Training | 2 | |
| Barrage | 1 | |
7 total
» buildings
| Altar of Kings | 1 | |
| Farm | 14 | |
| Scout Tower | 1 | |
| Barracks | 1 | |
| Arcane Tower | 1 | |
| Arcane Vault | 1 | |
| Keep | 1 | |
| Lumber Mill | 1 | |
| Blacksmith | 1 | |
| Arcane Sanctum | 3 | |
| Castle | 1 | |
| Workshop | 2 | |
28 total
» build order
00:08 Altar of Kings
00:23 Farm
00:39 Scout Tower
01:28 Barracks
01:40 Arcane Tower
01:49 Farm
02:38 Arcane Vault
03:00 Keep
03:59 Lumber Mill
04:42 Farm
04:43 Farm
04:45 Farm
05:19 Blacksmith
05:42 Arcane Sanctum
05:44 Arcane Sanctum
06:15 Arcane Sanctum
06:51 Farm
06:57 Farm
06:59 Farm
08:37 Castle
12:06 Workshop
12:08 Workshop
14:28 Farm
14:29 Farm
14:29 Farm
14:30 Farm
14:30 Farm
14:37 Farm
» items
| Scroll of Regeneration | 1 | |
| Lesser Clarity Potion | 1 | |
2 total
Chat log
(00:18 / Allies) L[2]P: you level 1s capable of playing or should i just find a new game
(00:22 / Allies) THE-STRANGE-GIR: yes
(00:25 / Allies) THE-STRANGE-GIR: we are capable
(01:24 / Allies) Bashiok: how do i save character and minerals so i dont have to level it up and mine more next game
(01:43 / Allies) THE-STRANGE-GIR: i think in main menu u can do that
(02:03 / Allies) THE-STRANGE-GIR: green, do you know?
(02:18 / Allies) L[2]P: stop building your base like an open park
(02:28 / Allies) THE-STRANGE-GIR: green, how do you carry over resources to next games
(04:55 / Allies) THE-STRANGE-GIR: green how do you carry over resources
(04:57 / Allies) THE-STRANGE-GIR: plz tell me
(05:02 / Allies) L[2]P: how do you build a shop
(05:08 / Allies) L[2]P: it seems to be missnig in the orc base
(07:14 / Allies) L[2]P: why are you fucking with me
(07:16 / Allies) L[2]P: learn to play the game
(07:20 / Allies) THE-STRANGE-GIR: lawl
(07:23 / Allies) L[2]P: no dude
(07:33 / Allies) L[2]P: let me take this one moment to educate you before leaving
(07:46 / Allies) Bashiok: I dont care if you leave, I'm here to make sure you lose
(07:48 / Allies) L[2]P: when you kill a creep, the experience is split evenly between all heroes present
(07:59 / Allies) THE-STRANGE-GIR: cry more green lawlz
(08:05 / Allies) L[2]P: so in order to creep at a normal rate as two heroes, you would need to do at least twice as much damage
(08:06 / Allies) Bashiok: green you suck lol
(08:18 / Allies) L[2]P: but that's not accounting for the travel time, so you'd need to do even more
(08:31 / Allies) L[2]P: so when your level 1 dk comes over to leech experience from a green trivial camp
(08:36 / Allies) L[2]P: that's you saying, "i don't care about the game"
(08:49 / Allies) THE-STRANGE-GIR: we couldn't win this game anyways we had to carry green
(08:54 / Allies) L[2]P: now i asked in the beginning of the game
(08:55 / Allies) Bashiok: go on, hurry up and leave, we don't care about your dumb butt
(08:57 / Allies) L[2]P: do you know how to play
(09:00 / Allies) L[2]P: you don't
(09:03 / Allies) L[2]P: so why are you wasting my time?
(09:10 / Allies) Bashiok: because it amuses us how angry you are
(09:16 / Allies) L[2]P: this isn't anger
(09:20 / Allies) Bashiok: yes it is
(09:22 / Allies) Bashiok: cry more
(09:24 / Allies) L[2]P: nerdrage is sprouting insults and leaving in a fuss
(09:32 / Allies) L[2]P: this is me going tk and then moving on
(09:35 / Allies) THE-STRANGE-GIR: it is trust me green, i have stabbed thousands of times, you are boiling hot right now
(10:37 / All) jnov: pink n yellow dont even have units, go ahead n beat them, they r north of me
(10:51 / All) iHatepussies: and u had so much shit too
(11:13 / All) iHatepussies: lol
(11:16 / All) iHatepussies: pink unsummond?
(11:17 / All) Bashiok: green is one of those typical "dont use my wells don't creep my creeps" noobs lol
(11:31 / All) L[2]P: not really
(11:39 / All) THE-STRANGE-GIR: we had some civil war over here, green lost
(11:44 / All) iHatepussies: Lol
(11:44 / All) L[2]P: not really
(11:45 / All) hempmeh: unded is tyeam killer
(12:35 / All) iHatepussies: lol
(12:39 / All) iHatepussies: go pink go
(12:41 / All) iHatepussies: tk more
(12:42 / All) THE-STRANGE-GIR: ty ty
(12:45 / All) THE-STRANGE-GIR: green cried big time
(12:48 / All) THE-STRANGE-GIR: he said u guys suck
(12:50 / All) THE-STRANGE-GIR: ur response?
(12:51 / All) iHatepussies: and yellow
(12:51 / All) L[2]P: not really
(12:52 / All) iHatepussies: lol
(12:57 / All) Bashiok: hey dont give pink all the credit, Im backstabbing too
(13:15 / All) iHatepussies: ur dk looks stuck
(13:17 / All) iHatepussies: yellow
(13:27 / All) Bashiok: good thing I have a tp staff eh
(13:35 / All) L[2]P: you can probably continue to convince yourself whatever
(13:46 / All) L[2]P: but i asked you in the beginning of the game, are you going to waste my time
(13:53 / All) L[2]P: are you a bunch of worthless level 1s
(13:53 / All) THE-STRANGE-GIR: we did green lawl
(13:55 / All) Bashiok: you think Im going to be honest?
(13:57 / All) L[2]P: you said you were capable
(14:05 / All) L[2]P: and here you are
(14:09 / All) L[2]P: acting like this is entertainment
(14:11 / All) THE-STRANGE-GIR: green im the little brother of kodos_forsaken, best 4v4rter ever, i am > you
(14:13 / All) THE-STRANGE-GIR: its in my genes
(14:14 / All) iHatepussies: btw reds base is going bye bye
(14:19 / All) L[2]P: you're kidding yourselves
(14:26 / All) Bashiok: hey I was going to play seriously until you attacked my DK. You took the first strike.
(14:43 / All) L[2]P: when your level 1 dk comes over to leech experience, and you go into crybaby mode because i dont wanna carry him around
(14:47 / All) L[2]P: that's you kidding yourself
(14:53 / All) THE-STRANGE-GIR: lawl
(14:54 / Allies) THE-STRANGE-GIR: yellow
(14:58 / All) THE-STRANGE-GIR: i told u
(15:01 / All) THE-STRANGE-GIR: he would rage if he leeched exp
(15:05 / All) L[2]P: it's a team game
(15:13 / All) L[2]P: and you have to make your team want to play with you
(15:24 / All) L[2]P: i don't want to play with someone who's going to be an obstacle
(15:31 / All) THE-STRANGE-GIR: you were an obstacle to us green
(15:43 / All) L[2]P: again, here's the part where you're kidding yourselves
(15:48 / All) THE-STRANGE-GIR: we had to put our foot down and embarass your pride
(15:48 / All) L[2]P: nobody fucking cares about you
(15:59 / All) iHatepussies: ya btw reds base is gone
(16:02 / All) iHatepussies: so u could still win
(16:05 / All) iHatepussies: :D
(16:09 / All) THE-STRANGE-GIR: i told you, kodos_forsaken is my brother, which make me > you by default
(16:21 / All) L[2]P: i dont really give a shit
(16:25 / All) THE-STRANGE-GIR: its in my genes
(16:26 / Allies) THE-STRANGE-GIR: green
(16:31 / All) THE-STRANGE-GIR: you do as you are told
(16:32 / All) iHatepussies: if u dont why u still here gren?
(16:40 / All) THE-STRANGE-GIR: even team 1 doesnt like u green
(16:43 / All) L[2]P: because it's been an unlucky streak tonight
(16:54 / All) L[2]P: so i don't really think there's going to be much of a change
(16:57 / All) iHatepussies: sorry yellowz
(17:36 / All) THE-STRANGE-GIR: boot sof speed are for noobs
(17:42 / All) iHatepussies: Red has no buildings or wisps
(17:43 / All) iHatepussies: wtf
(17:44 / Allies) L[2]P: your aura is also boosting
(17:53 / All) iHatepussies: wait
(17:54 / All) iHatepussies: wtf
(17:58 / All) iHatepussies: why i saay wtf
(18:00 / All) iHatepussies: i ment btw
(18:03 / All) iHatepussies: lol
(18:05 / All) iHatepussies: im tierd
(18:33 / All) iHatepussies: nice glaves
(18:34 / All) iHatepussies: green
(18:38 / All) L[2]P: thnx
(18:40 / All) L[2]P: they're for tk
(18:46 / All) THE-STRANGE-GIR: too bad u didnt tk anybody lawl
(19:02 / All) L[2]P: you tped in with 4 ud heroes while my potm was down with 6 archers left
(19:09 / All) THE-STRANGE-GIR: 4
(19:13 / All) THE-STRANGE-GIR: green
(19:31 / All) iHatepussies: hows the civil war going?
(19:40 / All) L[2]P: i'm winning with your gracious help
(19:48 / All) THE-STRANGE-GIR: green is trying to use reverse physcology
(19:55 / All) iHatepussies: ol
(19:56 / All) iHatepussies: lol
(20:03 / All) iHatepussies: its working
(20:07 / All) iHatepussies: ;)
(20:08 / All) THE-STRANGE-GIR: he thinks keeping his hero alives means he won